 Dungeon Crawl Stone Soup version 0.27-a0-1532-gca18f49f40 (webtiles) character file.

Game seed: 4157774235289354704

622 Wyvernaa the Poker (level 7, 0/35 (36) HPs)
             Began as a Vine Stalker Fighter on July 12, 2021.
             Was a Follower of Uskayaw.
             Slain by Prince Ribbit (8 damage)
             ... on level 5 of the Dungeon.
             The game lasted 00:07:57 (5024 turns).

Wyvernaa the Poker (Vine Stalker Fighter)           Turns: 5024, Time: 00:07:58

HP:   0/35 (36)     AC:  9    Str: 20    XL:     7   Next: 46%
MP:   0/18          EV:  8    Int:  8    God:    Uskayaw [*.....]
Gold: 227           SH: 10    Dex: 14    Spells: 8/8 levels left

rFire    . . .     SeeInvis .   a - +0 trident
rCold    . . .     Faith    .   c - +0 kite shield
rNeg     . . .     Spirit   +   b - +0 scale mail
rPois    +         Reflect  .   (no helmet)
rElec    .         Harm     .   e - +0 cloak
rCorr    .         Rampage  .   (no gloves)
Will     .....                  m - +0 pair of boots
Stlth    +.........             (no amulet)
HPRegen  1.11/turn              i - ring of poison resistance
MPRegen  0.16/turn              d - ring of magical power

@: lightly drained
A: fangs 2, regeneration 1, magic shield, antimagic bite, no potion heal 2
a: Renounce Religion, Stomp


You were on level 5 of the Dungeon.
You worshipped Uskayaw.
Uskayaw was noncommittal.
You visited 2 branches of the dungeon, and saw 6 of its levels.

You collected 227 gold pieces.

Inventory:

Hand Weapons
 a - a +0 trident (weapon)
Armour
 b - a +0 scale mail (worn)
 c - a +0 kite shield (worn)
 e - a +0 cloak (worn)
 m - a +0 pair of boots (worn)
Jewellery
 d - a ring of magical power (right hand)
 i - a ring of poison resistance (left hand)
Scrolls
 g - a scroll of identify
 k - a scroll of teleportation
Potions
 f - a potion of brilliance {unknown}
 h - a potion of curing {unknown}
 j - a potion of flight {unknown}
 l - 2 potions of haste {unknown}
 o - a potion of invisibility {unknown}


   Skills:
 + Level 3.3 Fighting
 * Level 4.4 Polearms
 + Level 3.7 Armour
 + Level 1.3 Dodging
 * Level 2.2 Stealth
 + Level 4.2 Shields
 * Level 1.1 Spellcasting


You had 8 spell levels left.
You didn't know any spells.
Your spell library contained the following spells:

 Spells                   Type           Power      Damage    Failure   Level
 Summon Guardian Golem    Hex/Summ       0%         N/A       100%        3
 Orb of Destruction       Conj           0%         N/A       100%        7
 Spellforged Servitor     Conj/Summ      0%         N/A       100%        7


Dungeon Overview and Level Annotations

Branches:
Dungeon (5/15)             Temple (1/1) D:5

Altars:
Cheibriados
Fedhas
Gozag
Makhleb
Okawaru
Qazlal
Uskayaw
Yredelemnul

Annotations:
D:2 1 runed translucent door, Crazy Yiuf
D:4 1 runed translucent door, mdk's ghost, amateur VSMo
D:5 Prince Ribbit


Innate Abilities, Weirdness & Mutations

You have extremely sharp teeth.
Your natural rate of healing is unusually fast.
When hurt, damage is shared between your health and your magic reserves.
Your bite disrupts and absorbs the magic of your enemies.
Potions cannot restore your health.


Message History

Prince Ribbit blinks!
No target in view!
There is an open door here.
You can no longer pass through a line of other dancers.
There is a stone staircase leading up here.
There is an open door here.
You reach to attack!
You hit Prince Ribbit.
Prince Ribbit is lightly wounded.
Prince Ribbit hits you.
You barely miss Prince Ribbit. You bite Prince Ribbit.
Prince Ribbit's magic leaks into the air.
You drain his magic.
You feel invigorated.
Prince Ribbit is moderately wounded.
You block Prince Ribbit's attack. Prince Ribbit barely misses you.
You miss Prince Ribbit. Your bite misses Prince Ribbit.
Prince Ribbit is moderately wounded.
Prince Ribbit hits you! Prince Ribbit completely misses you.
You closely miss Prince Ribbit.
You bite Prince Ribbit, but do no damage.
Prince Ribbit is moderately wounded.
You block Prince Ribbit's attack. x2
You closely miss Prince Ribbit.
Prince Ribbit is moderately wounded.
Prince Ribbit hits you!
You are too injured to fight recklessly!
Your scale mail prevents you from hitting Prince Ribbit.
Your bite misses Prince Ribbit.
Prince Ribbit is moderately wounded.
You block Prince Ribbit's attack. Prince Ribbit hits you!
* * * LOW HITPOINT WARNING * * *
Prince Ribbit says, "You're just another fly to me."
Prince Ribbit hits you.
* * * LOW HITPOINT WARNING * * *
Prince Ribbit blinks!
There is an open door here.
Prince Ribbit lets out a mournful croak.
Prince Ribbit hits you.
* * * LOW HITPOINT WARNING * * *
You block Prince Ribbit's attack. Prince Ribbit hits you!
You die...

#....#..................
#....##+###'##..........
###+##....#..##..##..........
#....#....#..............<...
+##....#....#......##..##.....#
.......#....#..##..##..##.....#
#....#....#..##..##..........
.##....#....#......#...........
.......)....'.@....#...##.....#
.##....#....#F.##..##..##.....#
#....#....#..##########.....#
.......#....#...(..#...#......#
.......#....#......'...#......'
.......#....#..################
########....#..#.......... ..
#....#..#.......... ..
#....#..#.......... ..


You could see Prince Ribbit.

Vanquished Creatures
  Edmund (D:5)
  A necrophage (D:5)
  3 orc priests
  A hound (D:4)
  Jessica (D:2)
  2 orc wizards (D:5)
  3 iguanas (D:4)
  A hound skeleton (D:2)
  5 adders
  A worm (D:4)
  A dart slug (D:3)
  15 orcs
  3 ball pythons
  4 bats
  3 endoplasms
  3 giant cockroaches
  6 goblins
  8 hobgoblins
  10 jackals (D:1)
  5 quokkas
  3 frilled lizards
  7 kobolds
  6 rats
93 creatures vanquished.

Notes
Turn   | Place    | Note
-------+----------+-------------------------------------------
     0 | D:1      | Wyvernaa the Vine Stalker Fighter began the quest for the
                  | Orb.
     0 | D:1      | Reached XP level 1. HP: 11/11 MP: 2/2
   380 | D:1      | Reached XP level 2. HP: 12/16 MP: 3/3
   748 | D:1      | You fall into a shaft and drop 1 floor!
   758 | D:2      | Reached XP level 3. HP: 14/19 MP: 2/4
  1013 | D:2      | Found a runed translucent door.
  1014 | D:2      | Noticed Crazy Yiuf
  1109 | D:1      | Found a faded altar of an unknown god.
  1757 | D:2      | Noticed Jessica
  1759 | D:2      | Killed Jessica
  1760 | D:2      | Gained mutation: Your natural rate of healing is unusually
                  | fast. [Vine Stalker growth]
  1760 | D:2      | Reached XP level 4. HP: 23/23 MP: 5/5
  2453 | D:3      | Reached XP level 5. HP: 28/28 MP: 6/6
  3186 | D:4      | Reached skill level 1 in Dodging
  3303 | D:4      | Reached XP level 6. HP: 28/32 MP: 5/7
  3685 | D:4      | Found a runed translucent door.
  3686 | D:4      | Noticed mdk's ghost (amateur VSMo)
  3823 | D:5      | Entered Level 5 of the Dungeon
  4029 | D:5      | Noticed a necrophage
  4044 | D:5      | Killed a necrophage
  4045 | D:5      | Reached skill level 1 in Stealth
  4045 | D:5      | Reached XP level 7. HP: 35/36 MP: 9/9
  4088 | D:5      | Found a staircase to the Ecumenical Temple.
  4106 | D:5      | Noticed Edmund
  4115 | Temple   | Entered the Ecumenical Temple
  4199 | Temple   | Became a worshipper of Uskayaw the Reveller
  4223 | D:5      | Reached * piety under Uskayaw
  4228 | D:5      | Reached ** piety under Uskayaw
  4229 | D:5      | Killed Edmund
  4230 | D:5      | Reached skill level 1 in Spellcasting
  4286 | D:5      | Noticed Prince Ribbit
  5024 | D:5      | Slain by Prince Ribbit

Illustrated notes

Levels and vault maps discovered:
D:1:      tarquinn_simple_flora_water_c, layout_basic,
          shapermc_ecumenical_altar_ellora, roderic_malta_cross
D:2:      layout_loops_ring, uniq_crazy_yiuf_cottage, uniq_jessica
D:3:      minmay_skewed_foursquare, layout_rooms
D:4:      layout_cave_pools, ebering_ghost_reflecting_pool
D:5:      layout_gridville, minmay_temple_entry_junction, minivault_24,
          uniq_prince_ribbit1, uniq_edmund
Temple:   dpeg_chambers_temple

Skill      XL: |  1  2  3  4  5  6  7 |
---------------+----------------------+-----
Shields        | 3 4 |  4.2
Polearms       | 2 3 4 |  4.4
Fighting       | 3 |  3.3
Armour         | 3 |  3.7
Dodging        | 1 |  1.3
Stealth        | 1 2 |  2.2
Spellcasting   | 1 |  1.1

Action                   |  1- 3 |  4- 6 |  7- 9 || total
-------------------------+-------+-------+-------++-------
Melee: Trident           |   103 |   202 |    37 ||   342
       Bite              |    21 |    54 |     6 ||    81
  Use: Potion            |     1 |       |     1 ||     2
       Scroll            |     4 |     4 |     1 ||     9
Armor: Scale mail        |    46 |    86 |    10 ||   142
Dodge: Dodged            |    42 |    41 |    10 ||    93
Block: Kite shield       |    67 |    88 |    18 ||   173

Table legend: (Time is in decaauts)
 A = Elapsed time spent in this place.
 B = Non-inter-level travel time spent in this place.
 C = Inter-level travel time spent in this place.
 D = Time resting spent in this place.
 E = Time spent auto-exploring this place.
 F = Levels seen in this place.
 G = Mean time per level.
                   A        B        C        D        E       F      G
               +--------+--------+--------+--------+--------+-----+--------+
         Total |   5160 |   5044 |    116 |    977 |   3089 |   6 |  860.0 |
       Dungeon |   5054 |   4959 |     95 |    977 |   3014 |   5 | 1010.8 |
        Temple |    105 |     84 |     21 |      0 |     75 |   1 |  105.0 |
               +--------+--------+--------+--------+--------+-----+--------+

Top non-repeatable levels by time:
     D:1: 1603 daAuts
     D:5: 1119 daAuts
     D:2: 953 daAuts
     D:3: 695 daAuts
     D:4: 683 daAuts
  Temple: 105 daAuts
